 Dungeon Sprint DCSS version 0.29.1-1-gd02db6906a (webtiles) character file.

Game seed: 14203184145789661709

36517 Groucho the Warrior (level 13, 0/141 HPs)
             Began as a Minotaur Fighter on Oct 8, 2022.
             Was the Champion of Cheibriados.
             Slain by Mennas
             ... wielding a +4 sacred scourge of holy wrath
              (10 damage)
             ... while paralysed by a floating eye
             ... in the Dungeon (Sprint VII: "The Pits") on Oct 9, 2022.
             The game lasted 00:17:01 (4672 turns).

Groucho the Warrior (Minotaur Fighter)              Turns: 4672, Time: 00:17:02

Health: 0/141      AC: 26    Str: 35    XL:     13   Next: 53%
Magic:  22/22      EV:  2    Int: 20    God:    Cheibriados [******]
Gold:   35         SH:  0    Dex: 31    Spells: 22/22 levels left

rFire   + + .      SeeInvis .   t - +2 war axe (vorpal)
rCold   + + .      Faith    .   p - +1 tower shield
rNeg    . . .      Spirit   .   G - +3 shadow dragon scales
rPois   .          Reflect  .   (helmet restricted)
rElec   .          Harm     .   (no cloak)
rCorr   .          Rampage  .   H - +0 pair of gloves of Gallantry {rF++ rC+}
Will    .....      NoTele   +   (no boots)
Stlth   +.........              z - amulet of regeneration
HPRegen 1.13/turn               b - +3 ring of protection
MPRegen 0.18/turn               B - ring of protection from cold

@: confused, paralysed, glowing, silenced, very slow
A: horns 2, retaliatory headbutt
a: Renounce Religion


You were in the Dungeon.
You worshipped Cheibriados.
Cheibriados was exalted by your worship.
You visited 1 branch You collected 35 gold pieces.

Inventory:

Hand Weapons
 o - a +1 vorpal flail
 t - a +2 vorpal war axe (weapon)
Missiles
 n - 14 stones (quivered)
Armour
 p - a +1 tower shield (worn)
 D - a +3 plate armour of positive energy
 F - +2 gold dragon scales
 G - +3 shadow dragon scales (worn)
 H - the +0 pair of gloves of Gallantry (worn) {rF++ rC+}
   (You found it in the Dungeon)

   rF:        It greatly protects you from fire.
   rC:        It protects you from cold.
Jewellery
 a - a +6 ring of strength
 b - a +3 ring of protection (left hand)
 q - a +3 ring of strength
 z - an amulet of regeneration (around neck)
 A - a ring of willpower
 B - a ring of protection from cold (right hand)
Wands
 C - a wand of charming (14)
Scrolls
 j - 4 scrolls of blinking
 l - 5 scrolls of amnesia
 m - a scroll of summoning
 v - 4 scrolls of identify
 w - a scroll of fear
 x - 2 scrolls of enchant weapon
 y - 2 scrolls of enchant armour
Potions
 d - 3 potions of might
 e - 7 potions of curing
 f - 10 potions of heal wounds
 g - 6 potions of haste
 h - 3 potions of magic
 i - 4 potions of berserk rage
 k - a potion of invisibility
 r - a potion of brilliance
 s - a potion of mutation


   Skills:
 * Level 20.6 Fighting
 - Level 18.0 Axes
 + Level 16.4 Armour
 + Level 15.0 Dodging
 + Level 16.4 Shields
 - Level 12.0 Unarmed Combat
 + Level 5.1 Spellcasting
 + Level 13.6 Invocations


You had 22 spell levels left.
You didn't know any spells.
Your spell library was empty.

Dungeon Overview and Level Annotations

Branches:
Dungeon (1/1)

Altars:
Ashenzari
Cheibriados
Dithmenos
Elyvilon
Fedhas
Gozag
Hepliaklqana
Kikubaaqudgha
Makhleb
Nemelex Xobeh
Okawaru
Qazlal
Ru
Sif Muna
Trog
Uskayaw
Vehumet
Wu Jian
Xom
Yredelemnul
Zin
The Shining One
Jiyva
Lugonu

Annotations:
D Mennas


Innate Abilities, Weirdness & Mutations

You have a pair of horns on your head.
You reflexively headbutt those who attack you in melee.


Message History

You feel much better.
Mennas hits you with a +4 sacred scourge of holy wrath!!
Mennas hits you but does no damage.
Unknown command.
Okay, then.
Mennas blocks your attack.
Mennas hits you with a +4 sacred scourge of holy wrath!!
* * * LOW HITPOINT WARNING * * *
Mennas hits you but does no damage.
Mennas gestures frantically.
You are more confused.
You slice Mennas!! You headbutt Mennas!
Mennas is moderately wounded.
Mennas hits you but does no damage. Mennas closely misses you.
Mennas attacks as you move away! Mennas hits you but does no damage.
Mennas closely misses you.
Mennas gestures frantically.
Mennas's surroundings become eerily quiet.
A floating eye comes into view.
Mennas shakes his head sadly.
The floating eye's view fixates on you.
Mennas hits you with a +4 sacred scourge of holy wrath!
* * * LOW HITPOINT WARNING * * *
Mennas completely misses you.
Unknown command.
You feel much better.
Mennas hits you with a +4 sacred scourge of holy wrath!
* * * LOW HITPOINT WARNING * * *
Mennas hits you but does no damage.
The floating eye gazes piercingly through you!
You suddenly lose the ability to move!
Mennas hits you with a +4 sacred scourge of holy wrath!
* * * LOW HITPOINT WARNING * * *
Mennas hits you but does no damage. The floating eye's view fixates on you.
Mennas hits you with a +4 sacred scourge of holy wrath!!
* * * LOW HITPOINT WARNING * * *
Mennas hits you but does no damage.
Mennas hits you with a +4 sacred scourge of holy wrath!
You die...

###################
#..................
#..................
#.@################ #..A#.# #
#..#T#.# # #..##N#O# # #..#
#G#.# # #..# #.#.# #
#..################
#############..................
#_________.##..................


You could see Mennas (silencing), an iron troll, a naga (unsilenced) and a
floating eye (charged, unsilenced).

Vanquished Creatures
  2 nagarajas (D)
  2 orc warlords (D)
  A black draconian (D)
  A yellow draconian (D)
  A fire dragon (D)
  A mummy priest (D)
  A great orb of eyes (D)
  A yaktaur captain (D)
  3 vault guards (D)
  2 hydras (D)
  A catoblepas (D)
  Erica (D)
  A boulder beetle (D)
  2 naga warriors (D)
  2 death yaks (D)
  A vampire mage (D)
  An orc high priest (D)
  Nergalle (D)
  3 deep elf knights (D)
  A shadow wraith (D)
  2 sea snakes (D)
  2 spriggan druids (D)
  A deep troll (D)
  9 orc knights (D)
  A deep elf pyromancer (D)
  An ugly thing (D)
  4 harpies (D)
  A wolf spider (D)
  An elephant (D)
  A molten gargoyle (D)
  A gargoyle (D)
  2 orange demons (D)
  An unseen horror (D)
  A cane toad (D)
  A demonic crawler (D)
  A hellwing (D)
  2 ice devils (D)
  A polar bear (D)
  A red devil (D)
  2 trolls (D)
  A hornet (D)
  A tyrant leech (D)
  2 tarantellas (D)
  A snapping turtle (D)
  7 dream sheep (D)
  A spriggan (D)
  A water elemental (D)
  A fire bat (D)
  2 redbacks (D)
  2 steam dragons (D)
  2 wargs (D)
  4 hell hounds (D)
  2 water moccasins (D)
  4 orc warriors (D)
  A kobold brigand (D)
  A gnoll sergeant (D)
  3 wights (D)
  A crimson imp (D)
  A quasit (D)
  A gnoll bouda (D)
  5 orc priests (D)
  A hound (D)
  An iguana (D)
  Terence (D)
  2 orc wizards (D)
  2 hell rats (D)
  10 gnolls (D)
  8 orcs (D)
  2 ball pythons (D)
  A bat skeleton (D)
  A giant cockroach (D)
  2 goblins (D)
  2 quokkas (D)
  A bat (D)
  4 frilled lizards (D)
  A giant cockroach zombie (D)
  2 kobolds (D)
150 creatures vanquished.

Notes
Turn   | Place    | Note
-------+----------+-------------------------------------------
     0 | D        | Groucho the Minotaur Fighter began the quest for the Orb.
     0 | D        | Reached XP level 1. HP: 19/19 MP: 0/0
    36 | D        | Found a bloodstained altar of Trog.
    36 | D        | Found a shimmering blue altar of Sif Muna.
    36 | D        | Found a viscous altar of Jiyva.
    36 | D        | Found a hazy altar of Hepliaklqana.
    36 | D        | Found an opulent altar of Gozag.
    37 | D        | Found a glowing golden altar of the Shining One.
    37 | D        | Found a glowing silver altar of Zin.
    37 | D        | Found a basalt altar of Yredelemnul.
    37 | D        | Found a shimmering altar of Xom.
    37 | D        | Found an ornate altar of the Wu Jian Council.
    37 | D        | Found a sacrificial altar of Ru.
    37 | D        | Found a stormy altar of Qazlal.
    37 | D        | Found an iron altar of Okawaru.
    37 | D        | Found a sparkling altar of Nemelex Xobeh.
    37 | D        | Found a burning altar of Makhleb.
    37 | D        | Found a blossoming altar of Fedhas.
    37 | D        | Found a white marble altar of Elyvilon.
    37 | D        | Found a shadowy altar of Dithmenos.
    37 | D        | Found a snail-covered altar of Cheibriados.
    39 | D        | Found a radiant altar of Vehumet.
    39 | D        | Found a corrupted altar of Lugonu.
    40 | D        | Found a hide-covered altar of Uskayaw.
    40 | D        | Found an ancient bone altar of Kikubaaqudgha.
    40 | D        | Found a broken altar of Ashenzari.
    56 | D        | Became a worshipper of Cheibriados the Contemplative
    75 | D        | Reached skill level 4 in Fighting
    86 | D        | Reached * piety under Cheibriados
    87 | D        | Reached ** piety under Cheibriados
    99 | D        | Reached skill level 1 in Invocations
    99 | D        | Reached *** piety under Cheibriados
   101 | D        | Reached XP level 2. HP: 22/27 MP: 1/1
   161 | D        | Noticed a fire bat
   164 | D        | Noticed a warg
   167 | D        | Noticed an orc warrior
   170 | D        | Reached skill level 5 in Fighting
   170 | D        | Reached skill level 5 in Armour
   170 | D        | Reached skill level 5 in Shields
   170 | D        | Reached XP level 3. HP: 12/36 MP: 1/3
   170 | D        | HP: 1/36 [warg (8)]
   174 | D        | Reached XP level 4. HP: 42/42 MP: 1/5
   174 | D        | Killed a fire bat
   174 | D        | Reached **** piety under Cheibriados
   175 | D        | Reached skill level 7 in Fighting
   175 | D        | Reached XP level 5. HP: 40/52 MP: 1/7
   177 | D        | Killed a warg
   177 | D        | Reached ***** piety under Cheibriados
   178 | D        | Reached skill level 8 in Fighting
   178 | D        | Reached skill level 5 in Invocations
   178 | D        | Reached XP level 6. HP: 24/61 MP: 1/9
   190 | D        | Killed an orc warrior
   581 | D        | Noticed a water moccasin
   585 | D        | Killed a water moccasin
   586 | D        | Reached skill level 9 in Fighting
   586 | D        | Reached XP level 7. HP: 68/70 MP: 10/10
   587 | D        | Noticed a hellwing
   593 | D        | Killed a hellwing
   599 | D        | Reached ****** piety under Cheibriados
   600 | D        | Reached skill level 10 in Fighting
   600 | D        | Reached skill level 10 in Armour
   600 | D        | Reached skill level 10 in Shields
   838 | D        | Noticed a polar bear
   845 | D        | HP: 1/72 [polar bear (22)]
   847 | D        | Killed a polar bear
   848 | D        | Reached skill level 10 in Axes
   848 | D        | Reached XP level 8. HP: 24/80 MP: 11/13
   961 | D        | Noticed a troll
   968 | D        | Killed a troll
   969 | D        | Reached skill level 1 in Unarmed Combat
  1245 | D        | Noticed an orange demon
  1248 | D        | Reached skill level 11 in Fighting
  1248 | D        | Noticed a tyrant leech
  1248 | D        | Noticed an orc high priest
  1248 | D        | Noticed a gargoyle
  1249 | D        | Noticed a red devil
  1251 | D        | Killed an orange demon
  1252 | D        | Killed a gargoyle
  1253 | D        | Reached skill level 12 in Fighting
  1253 | D        | Reached skill level 5 in Dodging
  1253 | D        | Reached XP level 9. HP: 51/90 MP: 3/14
  1253 | D        | Noticed a smoke demon
  1253 | D        | Noticed a red devil
  1253 | D        | Noticed a sea snake
  1255 | D        | Killed a tyrant leech
  1256 | D        | Noticed a sun demon
  1258 | D        | Noticed an ice devil
  1258 | D        | Noticed a hellwing
  1259 | D        | Killed an orc high priest
  1264 | D        | Killed a sea snake
  1265 | D        | Reached skill level 13 in Fighting
  1265 | D        | Reached skill level 5 in Unarmed Combat
  1629 | D        | Noticed a catoblepas
  1630 | D        | Noticed a cane toad
  1630 | D        | Noticed a red devil
  1636 | D        | Killed a catoblepas
  1637 | D        | Reached XP level 10. HP: 76/101 MP: 10/16
  1652 | D        | Killed a cane toad
  2131 | D        | Noticed a deep troll
  2138 | D        | Killed a deep troll
  2139 | D        | Reached skill level 14 in Fighting
  2147 | D        | Noticed Terence
  2156 | D        | Killed Terence
  2158 | D        | Reached skill level 10 in Invocations
  2419 | D        | Noticed a spriggan rider
  2419 | D        | Noticed a molten gargoyle
  2419 | D        | Noticed a death yak
  2422 | D        | Killed a molten gargoyle
  2423 | D        | Reached skill level 10 in Dodging
  2423 | D        | Reached XP level 11. HP: 104/111 MP: 6/17
  2428 | D        | Killed a death yak
  2429 | D        | Reached skill level 15 in Fighting
  2460 | D        | Noticed a great orb of eyes
  2460 | D        | Noticed a deep elf pyromancer
  2463 | D        | Reached skill level 15 in Axes
  2464 | D        | Killed a deep elf pyromancer
  2467 | D        | Killed a great orb of eyes
  2731 | D        | Noticed a four-headed hydra
  2731 | D        | Noticed a death yak
  2735 | D        | Killed a five-headed hydra
  2742 | D        | Killed a death yak
  2743 | D        | Reached skill level 16 in Fighting
  2835 | D        | Noticed Erica
  2835 | D        | Noticed a green ugly thing
  2844 | D        | Killed a shadow wraith
  2845 | D        | Killed a green ugly thing
  2848 | D        | Killed Erica
  2882 | D        | Noticed Nergalle
  2887 | D        | Killed Nergalle
  2905 | D        | Noticed a spriggan druid
  2905 | D        | Noticed a vampire mage
  2911 | D        | Killed a spriggan druid
  2912 | D        | Reached XP level 12. HP: 92/124 MP: 13/19
  2914 | D        | Killed a vampire mage
  2915 | D        | Reached skill level 17 in Fighting
  3318 | D        | Noticed a nagaraja
  3329 | D        | Killed a nagaraja
  3330 | D        | Reached skill level 1 in Spellcasting
  3495 | D        | Noticed an orc warlord
  3500 | D        | Noticed an orc warlord
  3506 | D        | Killed an orc warlord
  3508 | D        | Reached skill level 10 in Unarmed Combat
  3508 | D        | Noticed a vault guard
  3509 | D        | Reached skill level 18 in Fighting
  3514 | D        | Noticed a naga warrior
  3520 | D        | Reached skill level 15 in Armour
  3520 | D        | Reached skill level 15 in Shields
  3521 | D        | Killed an orc warlord
  3525 | D        | Noticed a yaktaur captain
  3526 | D        | Killed a vault guard
  3532 | D        | Killed a naga warrior
  3533 | D        | Reached skill level 19 in Fighting
  3533 | D        | Reached XP level 13. HP: 93/137 MP: 8/21
  3888 | D        | Noticed a mummy priest
  3899 | D        | Killed a mummy priest
  3982 | D        | Got the +0 pair of gloves of Gallantry {rF++ rC+}
  4121 | D        | Noticed a nagaraja
  4121 | D        | Noticed a yellow draconian
  4121 | D        | Noticed a fire dragon
  4121 | D        | Noticed a black draconian
  4133 | D        | Killed a yellow draconian
  4134 | D        | Reached skill level 20 in Fighting
  4136 | D        | Killed a nagaraja
  4140 | D        | Killed a fire dragon
  4142 | D        | Killed a black draconian
  4635 | D        | Reached skill level 5 in Spellcasting
  4639 | D        | Noticed Mennas
  4645 | D        | Reached skill level 15 in Dodging
  4670 | D        | Paralysed by a floating eye for 3 turns
  4672 | D        | Slain by Mennas

Illustrated notes

Levels and vault maps discovered:
D:        pitsprint [storerooms_1, entrance_room_1, metal_vault_4, armoury_1,
          mini_pit_1, grid_room_1, main_hall_1, silver_pit, the_coven_2,
          the_vestibule_1, steel_vault_5, golden_pit, hallway_of_sentries,
          crystal_vault_5, iron_vault_3, final_vault]

Skill      XL: |  1  2  3  4  5  6  7  8  9 10 11 12 13 |
---------------+----------------------------------------+-----
Fighting       | 4 5 7 8 9 10 12 13 14 16 19 20 | 20.6
Armour         | 4 5 7 8 9 10 11 12 14 15 16 | 16.4
Shields        | 4 5 7 8 9 10 11 12 14 15 16 | 16.4
Axes           | 3 4 6 7 8 10 11 13 14 16 18 | 18.0
Invocations    | 1 2 3 4 5 6 8 9 10 11 12 13 | 13.6
Dodging        | 5 7 10 12 14 15 | 15.0
Unarmed Combat | 3 5 7 9 10 12 | 12.0
Spellcasting   | 3 5 |  5.1

Action                   |  1- 3 |  4- 6 |  7- 9 | 10-12 | 13-15 || total
-------------------------+-------+-------+-------+-------+-------++-------
Melee: War axe           |    18 |    18 |    37 |    95 |    80 ||   248
       Headbutt          |     1 |     4 |    11 |    21 |    23 ||    60
Invok: Slouch            |       |       |     7 |    20 |     6 ||    33
  Use: Potion            |     3 |     1 |     2 |     2 |     2 ||    10
 Stab: Sleeping          |       |     1 |       |       |       ||     1
       Petrified         |       |       |     4 |       |       ||     4
       Invisible         |       |       |       |    27 |     2 ||    29
Armor: Scale mail        |     4 |       |       |       |       ||     4
       Ring mail         |     6 |    15 |    11 |       |       ||    32
       Plate armour      |       |       |    10 |    44 |     5 ||    59
       Shadow dragon sca |       |       |       |       |    29 ||    29
Dodge: Dodged            |    17 |     8 |    28 |    71 |    63 ||   187
Block: Buckler           |    12 |    11 |    18 |    49 |     8 ||    98
       Tower shield      |       |       |       |       |    61 ||    61
